 Dungeon Crawl Stone Soup version 0.27-a0-1206-g6342a01c75 (webtiles) character file.

Game seed: 7706911928385316846

280 Glokmah the Charlatan (level 6, 0/47 HPs)
             Began as a Gnoll Artificer on June 5, 2021.
             Slain by a gnoll
             ... wielding a +2 halberd of freezing
              (1 damage)
             ... on level 4 of the Dungeon.
             The game lasted 00:07:50 (5075 turns).

Glokmah the Charlatan (Gnoll Artificer)             Turns: 5075, Time: 00:07:51

Health: 0/47       AC: 13    Str: 13    XL:     6   Next: 27%
Magic:  8/8        EV: 12    Int: 11    God:
Gold:   170        SH:  0    Dex: 12    Spells: 7/8 levels left

rFire    . . .     SeeInvis .   a - +0 mace (protect)
rCold    . . .     Faith    .   (no shield)
rNeg     . . .     Spirit   .   s - +3 leather armour
rPois    .         Reflect  .   (helmet currently unavailable)
rElec    .         Harm     .   (no cloak)
rCorr    .         Rampage  .   (no gloves)
Will     .....                  (boots currently unavailable)
Stlth    ++........             (no amulet)
HPRegen  0.15/turn              (no ring)
MPRegen  0.11/turn              (no ring)

@: appendages (expiring), under a protective aura
A: horns 2, talons 2, fangs 1, strong nose, distributed training
a: End Transformation


You were on level 4 of the Dungeon.
You had temporarily grown beastly horns and talons.
You visited 1 branch of the dungeon, and saw 4 of its levels.

You collected 170 gold pieces.

Inventory:

Hand Weapons
 a - a +0 mace of protection (weapon)
 p - a +0 spear
Missiles
 k - 93 stones (quivered)
Armour
 r - a +0 helmet (melded)
 s - a +3 leather armour (worn)
Wands
 c - a wand of flame (3)
 d - a wand of charming (14)
Scrolls
 f - 4 scrolls of teleportation
Potions
 b - a potion of magic
 g - a potion of haste
 h - a potion of heal wounds
 i - a potion of flight
 j - a potion of brilliance {unknown}
 l - a potion of might {unknown}
 n - a potion of curing {unknown}
Miscellaneous
 e - a piece from Xom's chessboard (8/15)


   Skills:
 + Level 3.2 Fighting
 + Level 1.9 Short Blades
 + Level 1.9 Long Blades
 + Level 1.9 Axes
 + Level 1.9 Maces & Flails
 + Level 1.9 Polearms
 + Level 1.9 Staves
 + Level 1.9 Slings
 + Level 1.9 Bows
 + Level 1.9 Crossbows
 + Level 1.9 Throwing
 + Level 4.9 Armour
 + Level 3.2 Dodging
 + Level 3.0 Stealth
 + Level 1.9 Shields
 + Level 1.9 Unarmed Combat
 + Level 1.9 Spellcasting
 + Level 1.5 Conjurations
 + Level 1.5 Hexes
 + Level 1.5 Summonings
 + Level 1.5 Necromancy
 + Level 1.5 Translocations
 + Level 1.5 Transmutations
 + Level 1.5 Fire Magic
 + Level 1.5 Ice Magic
 + Level 1.5 Air Magic
 + Level 1.5 Earth Magic
 + Level 1.5 Poison Magic
 + Level 2.1 Invocations
 + Level 6.8 Evocations


You had 7 spell levels left.
You knew the following spells:

 Your Spells              Type           Power      Damage    Failure   Level
a - Beastly Appendage     Tmut           8%         N/A       21%         1

Your spell library contained the following spells:

 Spells                   Type           Power      Damage    Failure   Level
 Wereblood                Tmut           4%         N/A       30%         2
 Spider Form              Tmut/Pois      2%         N/A       52%         3
 Ice Form                 Ice/Tmut       4%         N/A       89%         4
 Hydra Form               Tmut           2%         N/A       99%         5


Dungeon Overview and Level Annotations

Branches:
Dungeon (4/15)
 Temple: D:4-7

Altars:
Kikubaaqudgha


Innate Abilities, Weirdness & Mutations

You have temporarily grown beastly horns and talons.
You have very sharp teeth.
Your uncanny sense of smell can sniff out nearby items.
Your experience applies equally to all skills.


Message History

You grow a pair of large bovine horns.
Your feet morph into talons.
Your +0 helmet melds into your body.
The gnoll closely misses you.
The gnoll hits you with a +2 halberd of freezing.
The gnoll freezes you.
You hit the gnoll but do no damage.
Your weapon exudes an aura of protection.
Your kick misses the gnoll.
The gnoll is lightly wounded.
Your transformation is almost over.
The gnoll barely misses you.
You hit the gnoll but do no damage. You claw the gnoll. You headbutt the gnoll.
You bite the gnoll.
The gnoll is moderately wounded.
The gnoll hits you with a +2 halberd of freezing.
The gnoll freezes you.
The gnoll hits you with a +2 halberd of freezing.
The gnoll freezes you.
You hit the gnoll. Your kick misses the gnoll.
The gnoll is severely wounded.
The gnoll hits you with a +2 halberd of freezing.
The gnoll freezes you.
You closely miss the gnoll. You claw the gnoll, but do no damage.
You bite the gnoll, but do no damage.
The gnoll is severely wounded.
The gnoll hits you but does no damage.
Unknown command.
You hit the gnoll. Your headbutt misses the gnoll.
You bite the gnoll, but do no damage.
The gnoll is severely wounded.
The gnoll hits you with a +2 halberd of freezing!
* * * LOW HITPOINT WARNING * * *
The gnoll freezes you.
* * * LOW HITPOINT WARNING * * *
The gnoll misses you. The gnoll barely misses you.
There is a stone staircase leading up, spattered with blood here.
The gnoll hits you from afar with a +2 halberd of freezing!
* * * LOW HITPOINT WARNING * * *
The gnoll freezes you.
You die...

.....### ##'#..##.#
.....# #......# .....#
#......# .....#
#......# .....#
#......# .....#
#......# .....#
######...)).#
.....###....#......#.#
###....'.(..'(gg@>...#
########....##########
..).g..'....'....
########....#####
#....# #....# #....#
###### ∆ ∆


You could see 2 gnolls.

Vanquished Creatures
  A hound (D:3)
  Jessica (D:2)
  An orc wizard (D:3)
  Natasha (thrice) (D:3)
  A hound skeleton (D:4)
  2 adders
  A gnoll (D:4)
  An adder skeleton (D:4)
  A dart slug (D:3)
  9 orcs
  3 endoplasms
  5 giant cockroaches
  6 goblins
  8 hobgoblins
  6 jackals
  A quokka (D:2)
  5 ball pythons
  5 bats
  2 frilled lizards
  4 kobolds
  4 rats
70 creatures vanquished.

Vanquished Creatures (collateral kills)
  A hobgoblin (D:1)
  A kobold (D:1)
2 creatures vanquished.

Vanquished Creatures (others)
  8 withered plants (D:3)
8 creatures vanquished.

Grand Total: 80 creatures vanquished

Notes
Turn   | Place    | Note
-------+----------+-------------------------------------------
     0 | D:1      | Glokmah the Gnoll Artificer began the quest for the Orb.
     0 | D:1      | Reached XP level 1. HP: 17/17 MP: 1/1
   385 | D:1      | Reached XP level 2. HP: 18/23 MP: 2/2
  1140 | D:1      | Reached XP level 3. HP: 22/28 MP: 3/3
  1421 | D:2      | Noticed Jessica
  1424 | D:2      | Killed Jessica
  1425 | D:2      | Reached skill level 1 in Short Blades
  1425 | D:2      | Reached skill level 1 in Long Blades
  1425 | D:2      | Reached skill level 1 in Axes
  1425 | D:2      | Reached skill level 1 in Maces & Flails
  1425 | D:2      | Reached skill level 1 in Polearms
  1425 | D:2      | Reached skill level 1 in Staves
  1425 | D:2      | Reached skill level 1 in Slings
  1425 | D:2      | Reached skill level 1 in Bows
  1425 | D:2      | Reached skill level 1 in Crossbows
  1425 | D:2      | Reached skill level 1 in Throwing
  1425 | D:2      | Reached skill level 1 in Shields
  1425 | D:2      | Reached skill level 1 in Unarmed Combat
  1425 | D:2      | Reached skill level 1 in Spellcasting
  1425 | D:2      | Reached skill level 1 in Invocations
  1427 | D:2      | Reached XP level 4. HP: 32/34 MP: 3/5
  1685 | D:2      | Found a faded altar of an unknown god.
  2305 | D:3      | Reached skill level 1 in Conjurations
  2305 | D:3      | Reached skill level 1 in Hexes
  2305 | D:3      | Reached skill level 1 in Summonings
  2305 | D:3      | Reached skill level 1 in Necromancy
  2305 | D:3      | Reached skill level 1 in Translocations
  2305 | D:3      | Reached skill level 1 in Transmutations
  2305 | D:3      | Reached skill level 1 in Fire Magic
  2305 | D:3      | Reached skill level 1 in Ice Magic
  2305 | D:3      | Reached skill level 1 in Air Magic
  2305 | D:3      | Reached skill level 1 in Earth Magic
  2305 | D:3      | Reached skill level 1 in Poison Magic
  2697 | D:3      | Reached XP level 5. HP: 40/40 MP: 6/6
  3216 | D:3      | Noticed Natasha
  3220 | D:3      | Killed Natasha
  3359 | D:3      | Found an ancient bone altar of Kikubaaqudgha.
  3774 | D:3      | Noticed Natasha
  3784 | D:3      | Killed Natasha
  3883 | D:3      | Noticed Natasha
  3904 | D:3      | Killed Natasha
  3905 | D:3      | Reached XP level 6. HP: 10/47 MP: 8/8
  4734 | D:4      | Learned a level 1 spell: Beastly Appendage
  5075 | D:4      | HP: 1/47 [gnoll/+2 halberd of freezing (9)]
  5075 | D:4      | Slain by a gnoll

Illustrated notes

Levels and vault maps discovered:
D:1:      minmay_arrival_up_and_down, layout_loops_ring
D:2:      layout_rooms, ebering_ecumenical_altar_box, uniq_jessica
D:3:      layout_basic, kiku_gazebo_garden_becter, uniq_natasha
D:4:      layout_basic

Skill      XL: |  1  2  3  4  5 |
---------------+----------------+-----
Short Blades   | 1 |  1.9
Long Blades    | 1 |  1.9
Axes           | 1 |  1.9
Maces & Flails | 1 |  1.9
Polearms       | 1 |  1.9
Staves         | 1 |  1.9
Slings         | 1 |  1.9
Bows           | 1 |  1.9
Crossbows      | 1 |  1.9
Throwing       | 1 |  1.9
Shields        | 1 |  1.9
Unarmed Combat | 1 |  1.9
Spellcasting   | 1 |  1.9
Invocations    | 1 2 |  2.1
Conjurations   | 1 |  1.5
Hexes          | 1 |  1.5
Summonings     | 1 |  1.5
Necromancy     | 1 |  1.5
Translocations | 1 |  1.5
Transmutations | 1 |  1.5
Fire Magic     | 1 |  1.5
Ice Magic      | 1 |  1.5
Air Magic      | 1 |  1.5
Earth Magic    | 1 |  1.5
Poison Magic   | 1 |  1.5
Fighting       | 3 |  3.2
Dodging        | 3 |  3.2
Stealth        | 3 |  3.0
Armour         | |  4.9
Evocations     | |  6.8

Action                   |  1- 3 |  4- 6 || total
-------------------------+-------+-------++-------
Melee: Whip              |    79 |    82 ||   161
       Bite              |     5 |    28 ||    33
       Punch             |       |     2 ||     2
       Mace              |       |   127 ||   127
       Spear             |       |    48 ||    48
       Kick              |       |     4 ||     4
       Headbutt          |       |     2 ||     2
Throw: Stone             |       |     8 ||     8
 Cast: Beastly Appendage |       |     2 ||     2
Evoke: Wand              |     9 |     4 ||    13
       Piece from Xom's  |     1 |    14 ||    15
  Use: Scroll            |       |     8 ||     8
 Stab: Sleeping          |     3 |     2 ||     5
       Paralysed         |     1 |       ||     1
       Petrified         |       |    24 ||    24
       Confused          |       |     2 ||     2
       Distracted        |       |     1 ||     1
Armor: Leather armour    |    16 |    61 ||    77
       Ring mail         |       |    54 ||    54
Dodge: Dodged            |    63 |   172 ||   235

Table legend: (Time is in decaauts)
 A = Elapsed time spent in this place.
 B = Non-inter-level travel time spent in this place.
 C = Inter-level travel time spent in this place.
 D = Time resting spent in this place.
 E = Time spent auto-exploring this place.
 F = Levels seen in this place.
 G = Mean time per level.
                   A        B        C        D        E       F      G
               +--------+--------+--------+--------+--------+-----+--------+
         Total |   5143 |   4888 |    255 |   1265 |   2537 |   4 | 1285.8 |
       Dungeon |   5143 |   4888 |    255 |   1265 |   2537 |   4 | 1285.8 |
               +--------+--------+--------+--------+--------+-----+--------+

Top non-repeatable levels by time:
     D:3: 2574 daAuts
     D:1: 1435 daAuts
     D:2: 854 daAuts
     D:4: 278 daAuts
